 Dungeon Crawl Stone Soup version 0.31-a0-182-gc5ef74bbde (webtiles) character file.

Game seed: 5178977073650005348

65 Maxmaps the Slasher (level 3, -2/27 HPs)
             Began as a Demonspawn Reaver on June 21, 2023.
             Slain by Terence
             ... wielding a +0 short sword
              (6 damage)
             ... on level 2 of the Dungeon.
             The game lasted 00:01:34 (1301 turns).

Maxmaps the Slasher (Demonspawn Reaver)             Turns: 1301, Time: 00:01:34

Health: -2/27      AC:  5    Str: 12    XL:     3   Next: 94%
Magic:  6/6        EV: 10    Int: 16    God:
Gold:   43         SH:  0    Dex: 11    Spells: 5/6 levels left

rFire   . . .        a - +0 falchion
rCold   . . .        (no shield)
rNeg    . . .        h - +0 ring mail
rPois   .            (no helmet)
rElec   .            (no cloak)
rCorr   .            (no gloves)
SInv    .            (no boots)
Will    .....        (no amulet)
Stlth   +            (no ring)
HPRegen 0.24/turn    (no ring)
MPRegen 0.10/turn

%: no passive effects
@: brilliant
A: demonic magic 1, demonic touch 1
a: no special abilities


You were on level 2 of the Dungeon.
You visited 1 branch of the dungeon, and saw 2 of its levels.

You collected 43 gold pieces.

Inventory:

Hand Weapons
 a - a +0 falchion (weapon)
Armour
 b - a +0 leather armour
 h - a +0 ring mail (worn)
Scrolls
 d - a scroll of fog {unknown}
 e - 2 scrolls of noise {unknown}
 f - a scroll of blinking {unknown}
 g - a scroll of vulnerability {unknown}


   Skills:
 - Level 2.0 Fighting
 + Level 4.4 Long Blades
 - Level 1.7 Dodging
 - Level 2.0 Spellcasting
 - Level 3.0 Conjurations


You had 5 spell levels left.
You knew the following spells:

 Your Spells              Type           Power      Damage    Failure   Level
a - Kiss of Death         Conj/Necr      36%        2d8       26%         1

Your spell library contained the following spells:

 Spells                   Type           Power      Damage    Failure   Level
 Momentum Strike          Conj/Tloc      18%        3d8       36%         2
 Beastly Appendage        Tmut           4%         N/A       43%         1
 Wereblood                Tmut           2%         N/A       56%         2
 Hailstorm                Conj/Ice       9%         3d4       58%         3
 Spider Form              Tmut/Pois      2%         N/A       80%         3


Dungeon Overview and Level Annotations

Branches:
Dungeon (2/15)

Altars:

Shops:
D:1 *=[[

Annotations:
D:2 Terence


Innate Abilities, Weirdness & Mutations

Spells you cast may paralyse adjacent enemies.
Your touch may inflict minor irresistible damage on your foes.


Message History

The goblins go into a battle-frenzy!
The hobgoblin attacks as you move away!
The hobgoblin hits you but does no damage.
The hobgoblin attacks as you move away! The hobgoblin hits you.
It was a potion of brilliance.
You feel clever all of a sudden. The hobgoblin closely misses you.
It was a potion of curing.
You feel better. The hobgoblin hits you.
You hit the hobgoblin.
You touch the hobgoblin.
You kill the hobgoblin!
You barely miss Robin.
You touch Robin.
Robin is heavily wounded.
Robin throws the goblin at you!
You closely miss Robin. Your touch misses Robin.
Robin is heavily wounded.
Robin hits you with a +0 short sword. The goblin barely misses you.
You slash Robin!
You touch Robin.
You kill Robin!
The goblin misses you.
You closely miss the goblin. Your touch misses the goblin.
Terence completely misses you. The goblin closely misses you.
You slash the goblin!
You kill the goblin!
Terence hits you with a +0 short sword.
You hit Terence.
Terence is lightly wounded.
Terence asks, "Do you want it fast or slow?"
Terence hits you with a +0 short sword.
* * * LOW HITPOINT WARNING * * *
You hit Terence but do no damage.
Terence is lightly wounded.
Terence hits you with a +0 short sword.
* * * LOW HITPOINT WARNING * * *
You hit Terence.
Terence is moderately wounded.
Terence hits you but does no damage. Terence barely misses you.
You closely miss Terence.
You touch Terence!
Terence is severely wounded.
Terence hits you with a +0 short sword.
You die...

#############
.......>....# #
##.....##.#
##.##.##..##.#########
#......#.............#
#.....g...#@#######
.........#..####@#
#.#..###........)#####
.... ...............#
#.# ##...###.#####.# :
#...# #.# #.# #...#
#.# #.# #...# #.# #.#
#...# #.#####.#
....###.......#


You could see Terence.

Vanquished Creatures
  Robin (D:2)
  A dart slug (D:1)
  6 endoplasms
  A giant cockroach (D:1)
  9 hobgoblins
  4 jackals (D:1)
  2 quokkas (D:1)
  2 ball pythons (D:1)
  2 bats (D:1)
  10 goblins
  4 kobolds
  3 rats (D:1)
45 creatures vanquished.

Notes
Turn   | Place    | Note
-------+----------+-------------------------------------------
     0 | D:1      | Maxmaps the Demonspawn Reaver began the quest for the Orb.
     0 | D:1      | Reached XP level 1. HP: 16/16 MP: 3/3
    65 | D:1      | Found a faded altar of an unknown god.
   100 | D:1      | Reached skill level 3 in Long Blades
   107 | D:1      | Gained mutation: Spells you cast may paralyse adjacent
                  | enemies. [demonic ancestry]
   107 | D:1      | Reached XP level 2. HP: 18/22 MP: 5/5
   143 | D:1      | Found Voasif's Armour Emporium.
   233 | D:1      | Found Suuluc's Assorted Antiques.
   361 | D:1      | Found Samecab's Antique Armour Shoppe.
   424 | D:1      | Found Ruleutoaru's Jewellery Shop.
   568 | D:1      | Gained mutation: Your touch may inflict minor irresistible
                  | damage on your foes. [demonic ancestry]
   568 | D:1      | Reached XP level 3. HP: 24/27 MP: 6/6
   955 | D:1      | Reached skill level 4 in Long Blades
  1274 | D:2      | Noticed Terence
  1276 | D:2      | Noticed Robin
  1295 | D:2      | Killed Robin
  1301 | D:2      | Slain by Terence

Illustrated notes

Levels and vault maps discovered:
D:1:      psy_arrival_radial02, layout_basic,
          hellmonk_ecumenical_altar_dog_temple, serial_shops, shop,
          nicolae_shop_scrapyard, shop_statue, shop, patterned_corridor
D:2:      layout_basic, basic_altar, uniq_robin, uniq_terence

Skill      XL: |  1  2  3 |
---------------+----------+-----
Long Blades    | 3 4 |  4.4
Fighting       | |  2.0
Dodging        | |  1.7
Spellcasting   | |  2.0
Conjurations   | |  3.0

Action                     || total
---------------------------++-------
  Melee: Falchion          ||   120
         Punch             ||     2
         Touch             ||    10
    Use: Potion            ||     2
   Stab: Sleeping          ||     1
 Armour: Leather armour    ||    27
         Ring mail         ||    19
  Dodge: Dodged            ||    80

Table legend: (Time is in decaauts)
 A = Elapsed time spent in this place.
 B = Non-inter-level travel time spent in this place.
 C = Inter-level travel time spent in this place.
 D = Time resting spent in this place.
 E = Time spent auto-exploring this place.
 F = Levels seen in this place.
 G = Mean time per level.
                   A        B        C        D        E       F      G
               +--------+--------+--------+--------+--------+-----+--------+
         Total |   1315 |   1263 |     52 |      0 |    950 |   2 |  657.5 |
       Dungeon |   1315 |   1263 |     52 |      0 |    950 |   2 |  657.5 |
               +--------+--------+--------+--------+--------+-----+--------+

Top non-repeatable levels by time:
     D:1: 1146 daAuts
     D:2: 168 daAuts
